Map: Saphir cosmique

Players

ShaDoWn - Winner!

  • Race: Protoss Protoss
  • Spawn Location: 11:00

MaNa

  • Race: Protoss Protoss
  • Spawn Location: 5:00

Event: DreamHack SC2 Masters 2022 Atlanta (Offline)

VOD

Have the link to the VOD?

Description

Time

  • Played on: Nov. 18, 2022, 7:08 p.m.
  • Length: 8:11

All games in this series

Show
View Real Time Build Order
Export as new Build Order

ShaDoWn Protoss - Winner!

Build Orders: Oracle Opening 

Get SALT Encoding   

  12  0:00  Probe  
  13  0:12  Probe  
  14  0:17  Pylon  
  14  0:24  Probe  
  15  0:35  Gateway  
  15  0:37  Probe (Chrono Boost)  
  16  0:46  Probe (Chrono Boost), Assimilator  
  17  0:51  Probe (Chrono Boost)  
  17  0:55  Assimilator  
  18  1:03  Probe (Chrono Boost)  
  19  1:08  Gateway  
  19  1:12  Probe (Chrono Boost)  
  19  1:18  Probe (Chrono Boost)  
  20  1:23  Cybernetics Core  
  21  1:29  Probe  
  22  1:35  Pylon  
  22  1:42  Probe  
  24  1:59  Stargate  
  23  2:02  Adept x2  
  27  2:12  Warp Gate  
  27  2:13  Probe  
  28  2:35  Nexus  
  28  2:40  Oracle (Chrono Boost)  
  31  2:50  Pylon  
  31  3:04  Pylon  
  31  3:08  Probe  
  32  3:17  Robotics Facility  
  30  3:20  Probe  
  31  3:32  Sentry, Probe, Stalker  
  36  3:45  Shield Battery  
  36  3:48  Probe  
  36  3:54  Probe  
  38  4:00  Probe  
  38  4:01  Immortal (Chrono Boost)  
  39  4:06  Stalker  
  45  4:10  Stalker  
  47  4:21  Pylon  
  47  4:30  Immortal (Chrono Boost)  
  47  4:36  Probe x2  
  53  4:40  Stalker  
  53  4:41  Stalker  
  59  4:56  Pylon  
  59  4:59  Immortal (Chrono Boost)  
  61  5:02  Shield Battery  
  59  5:07  Probe  
  59  5:12  Probe  
  60  5:19  Probe  
  60  5:21  Pylon  
  61  5:24  Probe  
  61  5:28  Twilight Council  
  62  5:31  Probe  
  61  5:37  Probe  
  61  5:40  Warp Prism  
  64  5:43  Probe  
  64  5:49  Probe  
  66  5:51  Stalker x2  
  66  5:54  Assimilator  
  70  6:03  Probe (Chrono Boost)  
  71  6:04  Probe (Chrono Boost)  
  72  6:15  Probe (Chrono Boost)  
  72  6:16  Probe (Chrono Boost)  
  74  6:22  Dark Shrine  
  74  6:24  Probe x2 (Chrono Boost)  
  76  6:25  Assimilator  
  76  6:29  Probe  
  77  6:33  Probe  
  77  6:35  Pylon  
  77  6:37  Nexus  
  77  6:39  Pylon  
  78  6:46  Probe x2  
  77  6:57  Stalker x2  
  77  6:58  Probe x2  
  83  7:04  Observer  
  83  7:05  Gateway  
  84  7:10  Probe  
  84  7:11  Probe  
  84  7:12  Gateway  
  86  7:21  Pylon  
  87  7:22  Probe  
  87  7:23  Probe  
  86  7:33  Immortal (Chrono Boost)  
  86  7:34  Dark Templar, Probe  
  86  7:35  Dark Templar  
  86  7:37  Probe  
  86  7:42  Shield Battery  
  75  7:47  Probe  
  75  7:49  Probe  
  75  7:50  Probe  
  66  7:59  Probe  
  71  8:07  Stalker x2  
Show
View Real Time Build Order
Export as new Build Order

MaNa Protoss 

Build Orders: Blink Stalkers 

Get SALT Encoding   

  12  0:00  Probe  
  13  0:12  Probe  
  14  0:17  Pylon  
  14  0:24  Probe (Chrono Boost)  
  15  0:36  Probe (Chrono Boost)  
  15  0:37  Gateway  
  16  0:44  Probe (Chrono Boost)  
  16  0:47  Assimilator  
  17  0:51  Probe  
  18  1:03  Probe (Chrono Boost)  
  19  1:04  Assimilator  
  19  1:10  Gateway  
  19  1:12  Probe (Chrono Boost)  
  19  1:18  Probe  
  20  1:25  Cybernetics Core  
  21  1:30  Probe  
  22  1:35  Pylon  
  22  1:42  Probe  
  23  2:01  Warp Gate, Stalker x2  
  27  2:15  Pylon  
  27  2:16  Twilight Council  
  27  2:23  Shield Battery  
  27  2:37  Stalker x2  
  31  2:52  Blink (Chrono Boost)  
  31  2:54  Pylon  
  31  3:03  Shield Battery  
  31  3:17  Gateway  
  31  3:23  Stalker  
  31  3:25  Shield Battery  
  33  3:27  Probe  
  34  3:50  Stalker  
  36  4:00  Nexus  
  36  4:09  Stalker  
  38  4:15  Sentry  
  40  4:19  Stalker  
  40  4:24  Probe  
  43  4:31  Phoenix  
  43  4:34  Stalker  
  45  4:54  Pylon  
  45  4:55  Probe  
  46  5:07  Probe  
  47  5:16  Stalker x2  
  47  5:17  Stalker  
  47  5:18  Probe (Chrono Boost)  
  47  5:19  Probe (Chrono Boost)  
  57  5:29  Probe x2 (Chrono Boost)  
  57  5:33  Probe (Chrono Boost)  
  57  5:34  Probe (Chrono Boost)  
  55  5:41  Stalker  
  58  5:44  Probe  
  58  5:45  Probe  
  58  5:56  Probe  
  59  5:58  Probe  
  59  6:04  Sentry, Stalker x2  
  56  6:09  Probe  
  56  6:10  Shield Battery, Probe  
  62  6:21  Probe (Chrono Boost)  
  62  6:22  Probe (Chrono Boost)  
  64  6:27  Sentry  
  64  6:32  Probe (Chrono Boost), Pylon  
  68  6:33  Probe (Chrono Boost)  
  68  6:37  Probe x2 (Chrono Boost)  
  70  6:50  Probe x2  
  70  6:51  Stalker x3  
  78  7:00  Pylon  
  78  7:04  Gateway  
  78  7:08  Pylon  
  78  7:17  Sentry x2  
  78  7:18  Sentry, Probe  
  78  7:19  Nexus  
  85  7:29  Probe  
  67  7:44  Stalker x2  
  67  7:45  Robotics Facility  
  67  7:46  Probe  
  63  7:59  Zealot x2  
Tags
 
Add a new tag
Caveats
  • Supply blocks, unpowered buildings, or Contaminate may cause inaccurate times.
  • Supply counts are checked every 10 seconds.